 Dungeon Crawl Stone Soup version 0.29.1-1-gd02db6906a (webtiles) character file.

Game seed: 3535469982890780641

209819 Icepheonix32 the Fencer (level 18, -15/168 HPs)
             Began as a Minotaur Fighter on Sept 19, 2022.
             Was the Champion of Dithmenos.
             Killed from afar by an ironbound frostheart (31 damage)
             ... by creeping frost
             ... in an ice cave.
             The game lasted 01:09:03 (40442 turns).

Icepheonix32 the Fencer (Minotaur Fighter)         Turns: 40442, Time: 01:09:04

Health: -15/168    AC: 33    Str: 32    XL:     18   Next: 16%
Magic:  23/23      EV: 23    Int:  8    God:    Dithmenos [******]
Gold:   765        SH: 15    Dex: 23    Spells: 17/17 levels left

rFire   . . .      SeeInvis .   a - +9 long sword (holy)
rCold   . . .      Faith    .   c - +0 kite shield {rC+}
rNeg    . . .      Spirit   .   U - +3 chain mail "Pygeliqo" {rPois Str+7}
rPois   +          Reflect  .   q - +2 hat
rElec   .          Harm     .   v - scarf {rC+ rF+}
rCorr   .          Rampage  .   i - +2 pair of gloves of the Monkey's Uncle {Dex+4}
Will    +....                   P - +1 pair of boots {Stlth+}
Stlth   ++........              x - amulet of Elemental Vulnerability {rPois rF-- rC-- AC+8}
HPRegen 0.38/turn               H - ring "Xixu" {rF+ Str+4}
MPRegen 0.18/turn               e - +4 ring of evasion

@: mighty, wreathed by umbra
A: horns 2, retaliatory headbutt, agile 1, clever 1
}: 1/15 runes: gossamer
a: Renounce Religion, Shadow Step, Shadow Form


You were in an ice cave.
You worshipped Dithmenos.
Dithmenos was exalted by your worship.
You visited 6 branches of the dungeon, and saw 29 of its levels.
You also visited: Sewer and Ice Cave.

You collected 3171 gold pieces.
You spent 2406 gold pieces at shops.

Inventory:

Hand Weapons
 a - a +9 long sword of holy wrath (weapon)
 j - the +6 long sword of Nicuss {drain, rC+++ rCorr Str+3 Int-4}
   (You bought it in a shop on level 9 of the Dungeon)

   A truly terrible weapon, it drains the life of any living foe it strikes.
   Str:       It affects your strength (+3).
   Int:       It affects your intelligence (-4).
   rC:        It renders you almost immune to cold.
   rCorr:     It protects you from acid and corrosion.
 G - a +3 scimitar of flaming
Missiles
 t - 25 boomerangs
 D - 15 javelins
 L - 5 throwing nets
 O - 2 curare-tipped darts (quivered)
Armour
 c - a +0 kite shield of cold resistance (worn)
 h - +0 fire dragon scales
 i - the +2 pair of gloves of the Monkey's Uncle (worn) {Dex+4}
   (You acquired it on level 7 of the Dungeon)

   Dex:       It affects your dexterity (+4).
 m - the +1 leather armour "Kuchiuk" {+Inv Str+3 Dex+3}
   (You found it on level 2 of the Dungeon)

   Str:       It affects your strength (+3).
   Dex:       It affects your dexterity (+3).
   +Inv:      It lets you turn invisible.
 q - a +2 hat (worn)
 v - a scarf of resistance (worn)
 M - a +1 cloak
 P - a +1 pair of boots of stealth (worn)
 U - the +3 chain mail "Pygeliqo" (worn) {rPois Str+7}
   (You found it on level 9 of the Dungeon)

   Str:       It affects your strength (+7).
   rPois:     It protects you from poison.
Jewellery
 e - a +4 ring of evasion (right hand)
 p - the ring of Gof Nocalieq {rC- rCorr Str+6 SInv}
   (You found it on level 3 of the Lair of Beasts)

   [ring of see invisible]

   Str:       It affects your strength (+6).
   rC:        It makes you vulnerable to cold.
   SInv:      It lets you see invisible.
   rCorr:     It protects you from acid and corrosion.
 x - the amulet of Elemental Vulnerability (around neck) {rPois rF-- rC-- AC+8}
   (You found it on level 4 of the Dungeon)

   [amulet of nothing]

   AC:        It affects your AC (+8).
   rF:        It makes you very vulnerable to fire.
   rC:        It makes you very vulnerable to cold.
   rPois:     It protects you from poison.
 F - a ring of willpower
 H - the ring "Xixu" (left hand) {rF+ Str+4}
   (You found it on level 2 of the Spider Nest)

   [ring of protection from fire]

   Str:       It affects your strength (+4).
   rF:        It protects you from fire.
 S - an amulet of guardian spirit
 X - a +4 ring of protection
Wands
 I - a wand of light (2)
 K - a wand of iceblast (8)
 R - a wand of flame (10)
 T - a wand of digging (7)
 Z - a wand of mindburst (3)
Scrolls
 l - 9 scrolls of identify
 n - 3 scrolls of blinking
 u - 7 scrolls of teleportation
 w - 4 scrolls of silence
 y - 4 scrolls of torment
 A - 3 scrolls of fear
 E - 10 scrolls of fog
 V - a scroll of summoning
 W - a scroll of poison
Potions
 b - 2 potions of attraction
 d - a potion of might
 f - 7 potions of mutation
 k - 8 potions of ambrosia
 o - 14 potions of curing
 r - 7 potions of heal wounds
 s - 3 potions of lignification
 z - 4 potions of haste
 B - 5 potions of brilliance
 C - 3 potions of invisibility
 J - 4 potions of magic
 N - a potion of berserk rage
 Q - 7 potions of flight
 Y - 2 potions of cancellation
Miscellaneous
 g - a phial of floods


   Skills:
 + Level 16.9 Fighting
 - Level 3.8(12.5) Short Blades
 * Level 19.7(19.9) Long Blades
 - Level 3.5(6.1) Axes
 - Level 7.9(8.2) Maces & Flails
 + Level 1.9 Throwing
 * Level 17.0 Armour
 + Level 14.1 Dodging
 + Level 5.2 Stealth
 + Level 15.0 Shields
 + Level 0.2 Unarmed Combat
 * Level 8.8 Invocations
 + Level 1.1 Evocations


You had 17 spell levels left.
You didn't know any spells.
Your spell library contained the following spells:

 Spells                   Type           Power      Damage    Failure   Level
 Foxfire                  Conj/Fire      0%         2x1d4     91%         1
 Magic Dart               Conj           0%         1d3       91%         1
 Shock                    Conj/Air       0%         1d3       91%         1
 Summon Small Mammal      Summ           0%         N/A       91%         1
 Blink                    Tloc           0%         N/A       97%         2
 Poisonous Vapours        Pois/Air       0%         N/A       97%         2
 Searing Ray              Conj           0%         2d4       97%         2
 Sublimation of Blood     Necr           0%         N/A       97%         2
 Wereblood                Tmut           0%         N/A       97%         2
 Call Canine Familiar     Summ           0%         N/A       100%        3
 Conjure Flame            Conj/Fire      0%         6-21      100%        3
 Ignite Poison            Fire/Tmut/Pois 0%         N/A       100%        3
 Inner Flame              Hex/Fire       0%         N/A       100%        3
 Summon Guardian Golem    Hex/Summ       0%         N/A       100%        3
 Swiftness                Air            0%         N/A       100%        3
 Airstrike                Air            0%         2d(0-16)  100%        4
 Corpse Rot               Necr/Pois/Air  0%         N/A       100%        4
 Flame Wave               Conj/Fire      0%         2d4       100%        4
 Fulminant Prism          Conj/Hex       0%         3d6       100%        4
 Sticky Flame             Conj/Fire      0%         2d3       100%        4
 Blade Hands              Tmut           0%         N/A       100%        5
 Irradiate                Conj/Tmut      0%         3d11      100%        5
 Manifold Assault         Tloc           0%         N/A       100%        5
 Dragon Form              Tmut           0%         N/A       100%        7
 Storm Form               Tmut/Air       0%         N/A       100%        7
 Summon Hydra             Summ           0%         N/A       100%        7


Dungeon Overview and Level Annotations

Branches:
Dungeon (15/15)            Temple (1/1) D:4            Lair (5/5) D:9
 Shoals (2/4) Lair:2       Spider (4/4) Lair:3        Slime (0/5) Lair:4
    Orc (2/2) D:10            Elf (0/3) Orc:2        Vaults (0/5) D:13
 Depths (0/4) D:15          Sewer (visited)           IceCv (1/1)

Altars:
Ashenzari
Cheibriados
Dithmenos
Elyvilon
Fedhas
Gozag
Hepliaklqana
Kikubaaqudgha
Makhleb
Nemelex Xobeh
Okawaru
Qazlal
Ru
Sif Muna
Trog
Uskayaw
Vehumet
Wu Jian
Xom
Yredelemnul
Zin
The Shining One
Jiyva

Shops:
D:9 (   D:12 :==   D:14 *   Orc:1 [   Orc:2 :![!   Shoals:1 *

Annotations:
Spider:1 LustLizard's ghost, adept TrFi


Innate Abilities, Weirdness & Mutations

You have a pair of horns on your head.
You reflexively headbutt those who attack you in melee.
You are agile. (Dex +4, Str/Int -1)
Your mind is acute. (Int +4, Str/Dex -1)


Message History

The ironbound frostheart completely misses you.
You feel much better. The ice encasing you melts away.
You block the ironbound frostheart's attack.
The ironbound frostheart calls freezing cold from the walls.
The frost grips you.
* * * LOW HITPOINT WARNING * * *
You are encased in ice.
The polar bear completely misses you. You furiously retaliate!
You headbutt the polar bear! The polar bear closely misses you.
You block the polar bear's attack.
You slash the ironbound frostheart! You headbutt the ironbound frostheart!
The ironbound frostheart is heavily wounded.
The ironbound frostheart calls freezing cold from the walls.
The frost grips you!
* * * LOW HITPOINT WARNING * * *
The ironbound frostheart calls freezing cold from the walls.
The frost grips you!
* * * LOW HITPOINT WARNING * * *
You block the polar bear's attack. The polar bear misses you. x2
You slice the ironbound frostheart!!
You kill the ironbound frostheart!
Dithmenos accepts your kill.
The ironbound frostheart touches you but does no damage.
You block the polar bear's attack. The polar bear misses you.
The polar bear completely misses you.
Unknown command.
You hit the ironbound frostheart.
The ironbound frostheart is lightly wounded.
The ice encasing you melts away. The ironbound frostheart misses you.
You furiously retaliate!
You headbutt the ironbound frostheart! You block the polar bear's attack.
The polar bear misses you.
The polar bear claws you but does no damage.
You slice the ironbound frostheart!!
The ironbound frostheart is almost dead.
Your shadow hits the ironbound frostheart with a long sword.
The ironbound frostheart calls freezing cold from the walls.
The frost grips you!!
You die...

## ## .# #.##
# .###...# #
.# #.#h§..#$|
.##.
##§#hk....#
##.. ##.#@p#
##..# #.##§##
#...##
##.#####
#....##
##.#).##
#.....#
#[..[..#
#...#..##
#.⌠.##.##
##..###..#
#[..##..# #..#
##.####.####.#
#.# #..#
#####..#


You could see an ironbound frostheart, 2 polar bears and a rime drake.

Vanquished Creatures
  A shard shrike (IceCv)
  Mlioglotl (Spider:1)
  Ilsuiw (Shoals:2)
  Aizul (Spider:1)
  7 emperor scorpions
  8 ghost moths
  5 broodmothers
  The ghost of groovy9 the Marksminotaur, a journeyman MiHu of Hepliaklqana (Orc:1)
  A stone giant (D:15)
  Nessos (Lair:5)
  The ghost of groovy9 the Marksminotaur, a journeyman MiHu of Hepliaklqana (Lair:5)
  5 entropy weavers
  A white draconian (IceCv)
  2 spark wasps
  A merfolk javelineer (Shoals:2)
  The ghost of Neyc the Fighter, a journeyman OpFi of Jiyva (Lair:3)
  Josephine (D:9)
  3 merfolk impalers
  2 fire dragons (D:14)
  4 ogre magi (Orc:2)
  6 boulder beetles
  12 hydras
  4 ironbound frosthearts (IceCv)
  A jorogumo (Spider:4)
  3 radroaches
  5 two-headed ogres
  A catoblepas (Lair:3)
  3 tengu warriors
  A skeletal warrior (D:9)
  2 sun moths
  7 pharaoh ants
  3 sea snakes (Shoals:1)
  An orange crystal statue (IceCv)
  14 orb spiders
  8 steelbarb worms
  A wizard (D:14)
  6 harpies
  An orc knight (D:10)
  4 cyclopes
  8 orc sorcerers
  31 wolf spiders
  8 fauns
  25 ugly things
  7 manticores
  An oklob plant (Lair:1)
  15 slime creatures
  9 moths of wrath
  13 elephants
  6 black mambas
  Maurice (D:8)
  A water nymph (Shoals:1)
  A gargoyle (D:11)
  A guardian serpent (Lair:5)
  17 cane toads
  5 merfolk sirens
  6 torpor snails
  Maggie (D:8)
  3 efreet
  17 rime drakes
  An unseen horror (D:11)
  A tengu conjurer (D:14)
  8 demonic crawlers
  2 kobold demonologists
  7 komodo dragons
  3 trolls
  13 merfolk
  3 wind drakes (Shoals:1)
  20 tarantellas
  17 polar bears
  22 blink frogs
  7 meliai
  9 hornets
  9 dream sheep
  26 jumping spiders
  5 snapping turtles
  A culicivora (shapeshifter) (D:15)
  27 culicivoras
  4 water elementals
  A vampire (D:13)
  A spriggan (shapeshifter) (D:13)
  9 wraiths
  54 yaks
  A human (shapeshifter) (D:15)
  3 hogs (D:12)
  7 basilisks
  12 wyverns
  69 redbacks
  3 wargs
  10 vampire mosquitoes
  3 steam dragons
  4 acid dragons
  30 water moccasins
  26 orc warriors
  An ice beast (D:6)
  4 sky beasts (D:7)
  A black bear (D:8)
  8 ogres
  9 wolves (Lair:1)
  7 centaurs
  A phantom (D:5)
  6 kobold brigands
  16 bullfrogs
  2 gnoll sergeants (D:9)
  6 necrophages
  2 scorpions
  7 wights
  10 killer bees
  3 howler monkeys
  An electric eel (D:12)
  2 quasits (D:6)
  2 jellies
  13 orc priests
  2 gnoll boudas
  3 hounds (D:4)
  Jessica (D:2)
  4 iguanas
  34 orc wizards
  5 hell rats (Lair:4)
  9 gnolls
  10 adders
  A river rat (Sewer)
  A shadow imp (D:6)
  5 white imps
  2 ufetubi (D:5)
  3 worms
  4 dart slugs
  67 orcs
  10 endoplasms
  5 giant cockroaches
  3 goblins
  4 hobgoblins
  2 jackals (D:2)
  19 kobolds
  2 quokkas
  11 ball pythons
  2 bats
  2 frilled lizards
  6 rats
  A butterfly (Lair:4)
1044 creatures vanquished.

Vanquished Creatures (others)
  Kirke (D:12)
  A harpy (Shoals:2)
  A jumping spider (Spider:2)
  A redback (Spider:4)
  2 orc wizards
  2 orcs
  6 demonic plants (D:6)
  20 fungi
  37 plants
71 creatures vanquished.

Grand Total: 1115 creatures vanquished

Notes
Turn   | Place    | Note
-------+----------+-------------------------------------------
     0 | D:1      | Icepheonix32 the Minotaur Fighter began the quest for the
                  | Orb.
     0 | D:1      | Reached XP level 1. HP: 19/19 MP: 0/0
   382 | D:1      | Reached XP level 2. HP: 27/27 MP: 1/1
   736 | D:2      | Reached XP level 3. HP: 33/33 MP: 2/2
   794 | D:2      | Identified the +1 leather armour "Kuchiuk" {+Inv Str+3
                  | Dex+3}
   823 | D:2      | Noticed Jessica
   826 | D:2      | Killed Jessica
   851 | D:2      | Reached XP level 4. HP: 41/41 MP: 3/3
  1043 | D:2      | Identified the +6 spear of a Labyrinth {vorpal, rF++}
  2239 | D:3      | Found a faded altar of an unknown god.
  2380 | D:4      | Reached skill level 1 in Dodging
  2419 | D:4      | Found a glowing drain.
  2430 | Sewer    | Entered a sewer
  2433 | Sewer    | Noticed a kobold brigand
  2440 | Sewer    | Killed a kobold brigand
  2441 | Sewer    | Reached XP level 5. HP: 47/47 MP: 4/4
  2555 | Sewer    | Reached skill level 5 in Fighting
  2714 | Sewer    | Reached skill level 1 in Maces & Flails
  2714 | Sewer    | Reached XP level 6. HP: 27/56 MP: 5/5
  2908 | Sewer    | Gained mutation: Your mind is acute. (Int +4, Str/Dex -1)
                  | [potion of mutation]
  2908 | Sewer    | Gained mutation: You are agile. (Dex +4, Str/Int -1)
                  | [potion of mutation]
  3193 | D:4      | Found a staircase to the Ecumenical Temple.
  3202 | D:4      | Reached skill level 1 in Stealth
  3211 | D:4      | Reached skill level 5 in Shields
  3229 | Temple   | Entered the Ecumenical Temple
  3432 | Temple   | Became a worshipper of Dithmenos the Shadowed
  3481 | D:4      | Found the amulet of Elemental Vulnerability {rPois rF--
                  | rC-- AC+8}
  3703 | D:4      | Noticed a yak
  3703 | D:4      | Noticed a yak
  3704 | D:4      | Noticed a yak
  3704 | D:4      | Noticed a yak
  3705 | D:4      | Noticed a yak
  3724 | D:4      | Killed a yak
  3725 | D:4      | Reached XP level 7. HP: 38/62 MP: 6/6
  3734 | D:4      | Killed a yak
  3735 | D:4      | Reached skill level 5 in Armour
  3737 | D:4      | Killed a yak
  3741 | D:4      | Killed a yak
  3742 | D:4      | Reached skill level 5 in Maces & Flails
  3749 | D:4      | Killed a yak
  3750 | D:4      | Reached XP level 8. HP: 46/71 MP: 7/7
  4181 | D:5      | Entered Level 5 of the Dungeon
  4298 | D:5      | Reached * piety under Dithmenos
  4625 | D:5      | Reached skill level 5 in Dodging
  4873 | D:5      | You fall into a shaft and drop 3 floors!
  4873 | D:8      | Found a hazy altar of Hepliaklqana.
  4875 | D:8      | Noticed Maurice
  5518 | D:6      | Found a hide-covered altar of Uskayaw.
  5655 | D:6      | Reached XP level 9. HP: 79/79 MP: 8/8
  7087 | D:7      | Identified a scroll of acquirement
  7089 | D:7      | Acquired the +2 pair of gloves of the Monkey's Uncle
                  | {Dex+4}
  7498 | D:7      | Found a stormy altar of Qazlal.
  8106 | D:8      | Reached ** piety under Dithmenos
  8151 | D:8      | Killed Maurice
  8207 | D:8      | Reached XP level 10. HP: 87/91 MP: 9/9
  8233 | D:8      | Found a glowing silver altar of Zin.
  8434 | D:8      | Noticed Maggie
  8442 | D:8      | Killed Maggie
  8797 | D:9      | Reached skill level 10 in Fighting
  8979 | D:9      | Found Icerimek's Weapon Shoppe.
  9239 | D:9      | Reached skill level 1 in Long Blades
  9294 | D:9      | Reached *** piety under Dithmenos
  9457 | D:9      | Reached skill level 2 in Long Blades
  9458 | D:9      | Reached skill level 3 in Long Blades
  9535 | D:9      | Reached skill level 4 in Long Blades
  9535 | D:9      | Reached skill level 10 in Dodging
  9794 | D:9      | Noticed a skeletal warrior
  9896 | D:9      | Found a staircase to the Lair.
 10228 | D:9      | Identified the +10 rapier of the Inferno {pain, rF+ rC-
                  | rN+}
 10521 | D:9      | Killed a skeletal warrior
 10522 | D:9      | Reached XP level 11. HP: 73/101 MP: 10/10
 10590 | D:9      | Identified the +3 chain mail "Pygeliqo" {rPois Str+7}
 10715 | D:10     | Entered Level 10 of the Dungeon
 10723 | D:10     | Reached skill level 5 in Long Blades
 10752 | D:10     | Noticed Josephine
 10793 | D:9      | Reached skill level 1 in Short Blades
 10909 | D:9      | Killed Josephine
 11529 | D:10     | Noticed a two-headed ogre
 11536 | D:10     | Killed a two-headed ogre
 11861 | D:10     | Reached skill level 6 in Long Blades
 11876 | D:10     | Reached **** piety under Dithmenos
 11909 | D:10     | Reached skill level 1 in Throwing
 11938 | D:10     | Found a staircase to the Orcish Mines.
 12240 | D:11     | Noticed a seven-headed hydra
 12291 | Orc:1    | Entered Level 1 of the Orcish Mines
 12319 | Orc:1    | Noticed an orc knight
 12466 | Orc:1    | Noticed an orc sorcerer
 12475 | D:10     | Killed an orc knight
 12609 | Orc:1    | Killed an orc sorcerer
 12828 | D:10     | Reached skill level 1 in Evocations
 13147 | Orc:1    | Reached ***** piety under Dithmenos
 13271 | Orc:1    | Noticed groovy9's ghost (journeyman MiHu)
 13452 | Orc:1    | Found a runed translucent gate.
 13453 | Orc:1    | Found a runed translucent gate.
 13454 | Orc:1    | Found a runed translucent gate.
 13613 | Orc:1    | Found Sem Kisa's Armour Shop.
 13856 | D:9      | Bought the +6 long sword of Nicuss {drain, rC+++ rCorr
                  | Str+3 Int-4} for 818 gold pieces
 13891 | D:9      | Bought a +2 long sword of holy wrath for 183 gold pieces
 13967 | D:11     | Noticed a boulder beetle
 13996 | D:11     | Killed a boulder beetle
 13997 | D:11     | Reached XP level 12. HP: 94/111 MP: 11/11
 14147 | D:11     | Killed a seven-headed hydra
 14727 | D:12     | Noticed a two-headed ogre
 14792 | D:12     | Found Xugh's Jewellery Shoppe.
 14795 | D:12     | Noticed Kirke
 14804 | D:12     | Reached skill level 7 in Long Blades
 14820 | D:12     | Killed Kirke
 14928 | D:12     | Noticed a two-headed ogre
 15101 | D:11     | Reached skill level 8 in Long Blades
 15413 | D:12     | Killed a two-headed ogre
 15474 | D:12     | Found Zerehex's Book Shoppe.
 15489 | D:12     | Killed a two-headed ogre
 15510 | D:12     | Reached skill level 9 in Long Blades
 15761 | D:12     | Noticed a boulder beetle
 15777 | D:12     | Killed a boulder beetle
 16038 | D:12     | Noticed a four-headed hydra
 16048 | D:12     | Killed a four-headed hydra
 16123 | D:12     | Found Atiskaip's Jewellery Shop.
 16163 | D:12     | Reached skill level 10 in Long Blades
 16662 | D:13     | Noticed a five-headed hydra
 16671 | D:13     | Killed a five-headed hydra
 16819 | D:13     | Reached XP level 13. HP: 118/118 MP: 12/12
 17103 | D:13     | Found a gate to the Vaults.
 17445 | D:14     | Reached skill level 11 in Long Blades
 17933 | D:14     | Found Redoghut's Assorted Antiques.
 17942 | D:14     | Bought a grey potion for 21 gold pieces
 17980 | D:14     | Noticed a fire dragon
 17997 | D:14     | Killed a fire dragon
 17998 | D:14     | Reached skill level 10 in Armour
 18013 | D:14     | Reached skill level 12 in Long Blades
 18707 | D:14     | Noticed a fire dragon
 18722 | D:14     | Killed a fire dragon
 18948 | D:15     | Entered Level 15 of the Dungeon
 19364 | D:15     | Reached skill level 13 in Long Blades
 19502 | D:15     | Found a staircase to the Depths.
 19502 | D:15     | Noticed a stone giant
 19509 | D:15     | Killed a stone giant
 20177 | D:15     | Found a basalt altar of Yredelemnul.
 20736 | Orc:1    | Bought a +0 pair of boots of stealth for 172 gold pieces
 20874 | D:12     | Bought a +4 ring of evasion for 504 gold pieces
 21110 | Lair:1   | Entered Level 1 of the Lair of Beasts
 21112 | Lair:1   | Identified the +1 chain mail "Batz" {MP+9 Dex+4 Stlth+}
 21245 | Lair:1   | Found an ornate altar of the Wu Jian Council.
 21254 | Lair:1   | Reached XP level 14. HP: 129/129 MP: 13/13
 21264 | Lair:1   | Reached skill level 14 in Long Blades
 22132 | Lair:2   | Reached skill level 10 in Shields
 22398 | Lair:2   | Found a staircase to the Shoals.
 22708 | Lair:2   | Identified the +7 glaive of Integrity {holy, Will- rCorr
                  | Dex+5}
 23160 | Lair:3   | Reached skill level 15 in Long Blades
 23462 | Lair:3   | Found a transporter.
 23465 | Lair:3   | Noticed Neyc's ghost (journeyman OpFi)
 23485 | Lair:3   | Found a transporter.
 23592 | Lair:3   | Killed Neyc's ghost
 23613 | Lair:3   | Identified the ring of Gof Nocalieq {rC- rCorr Str+6 SInv}
 23952 | Lair:3   | Found a hole to the Spider Nest.
 24439 | Lair:4   | Found a staircase to the Slime Pits.
 24440 | Lair:4   | Found a viscous altar of Jiyva.
 24732 | Lair:4   | Reached ****** piety under Dithmenos
 25304 | Lair:5   | Entered Level 5 of the Lair of Beasts
 25310 | Lair:5   | Reached skill level 1 in Invocations
 25323 | Lair:5   | Reached XP level 15. HP: 130/138 MP: 14/14
 25490 | Lair:5   | Identified the +3 dagger "Wiregh" {vamp, rN+ Str+4}
 25497 | Lair:5   | Reached skill level 16 in Long Blades
 26068 | Lair:5   | Found a large runed translucent door.
 26130 | Lair:5   | Found a large runed translucent door.
 26137 | Lair:5   | Noticed groovy9's ghost (journeyman MiHu)
 26149 | Lair:5   | Noticed Nessos
 26158 | Lair:5   | Killed Nessos
 26453 | Lair:5   | Identified the +1 leather armour of Fallacy {Dex+2}
 27329 | Lair:5   | Killed groovy9's ghost
 27759 | Orc:1    | Killed groovy9's ghost
 27997 | Orc:2    | Entered Level 2 of the Orcish Mines
 28115 | Orc:2    | Found a staircase to the Elven Halls.
 28281 | Orc:2    | Found Korer's Book Emporium.
 28316 | Orc:2    | Found an ancient bone altar of Kikubaaqudgha.
 28338 | Orc:2    | Found Naygeeth's Distillery.
 28346 | Orc:2    | Bought a potion of haste for 130 gold pieces
 28348 | Orc:2    | Found a radiant altar of Vehumet.
 28403 | Orc:2    | Paralysed by an orc sorcerer for 2 turns
 28413 | Orc:2    | Found Wisaycos's Antique Armour Emporium.
 28438 | Orc:2    | Found Cohejygh's Distillery.
 28465 | Orc:2    | Bought a potion of heal wounds for 85 gold pieces
 28465 | Orc:2    | Bought a potion of heal wounds for 85 gold pieces
 28465 | Orc:2    | Bought a potion of heal wounds for 85 gold pieces
 28465 | Orc:2    | Bought 2 potions of heal wounds for 170 gold pieces
 28465 | Orc:2    | Bought a potion of heal wounds for 85 gold pieces
 28467 | Orc:2    | Bought a potion of might for 68 gold pieces
 29285 | Spider:1 | Entered Level 1 of the Spider Nest
 29304 | Spider:1 | Reached skill level 17 in Long Blades
 29614 | Spider:1 | Found a transporter.
 29615 | Spider:1 | Noticed an emperor scorpion
 29616 | Spider:1 | Found a transporter.
 29616 | Spider:1 | Noticed LustLizard's ghost (adept TrFi)
 29619 | Spider:1 | Noticed an emperor scorpion
 29620 | Spider:1 | Noticed an emperor scorpion
 30013 | Spider:1 | Noticed Mlioglotl
 30042 | Spider:1 | Killed Mlioglotl
 30398 | Spider:1 | Noticed Aizul
 30422 | Spider:1 | Killed Aizul
 30881 | Spider:1 | Reached XP level 16. HP: 128/147 MP: 0/18
 31356 | Spider:1 | Reached skill level 15 in Fighting
 32016 | Spider:2 | Reached skill level 15 in Armour
 32041 | Spider:2 | Reached skill level 5 in Invocations
 32765 | Spider:2 | Identified the ring "Xixu" {rF+ Str+4}
 33314 | Spider:3 | Reached skill level 18 in Long Blades
 34600 | Spider:4 | Entered Level 4 of the Spider Nest
 35236 | Spider:4 | Reached XP level 17. HP: 130/158 MP: 21/21
 35769 | Spider:4 | Reached skill level 5 in Stealth
 36846 | Spider:4 | Reached skill level 19 in Long Blades
 37196 | Spider:4 | Got a gossamer rune of Zot
 37546 | Shoals:1 | Entered Level 1 of the Shoals
 38064 | Shoals:1 | Found Nuce Vyc's Assorted Antiques.
 39010 | Shoals:2 | Noticed Ilsuiw
 39081 | Shoals:2 | Killed Ilsuiw
 39187 | Shoals:2 | Found a frozen archway.
 39193 | IceCv    | Entered an ice cave
 39589 | IceCv    | Reached XP level 18. HP: 146/168 MP: 23/23
 40413 | IceCv    | Noticed a shard shrike
 40426 | IceCv    | Killed a shard shrike
 40427 | IceCv    | Reached skill level 15 in Shields
 40442 | IceCv    | Killed from afar by an ironbound frostheart

Illustrated notes

Levels and vault maps discovered:
D:1:      minmay_arrival_shattered_statue, layout_basic
D:2:      layout_basic, hex_large, minmay_pentomino_o4, uniq_jessica
D:3:      layout_loops_corners, serial_glass, glass_columns_a, glass_columns_a,
          dreamdust_ecumenical_altar_hidden_monk_grotto,
          kennysheep_cluttered_room
D:4:      layout_cave_pods, minmay_temple_entry_sparse_star,
          portal_sewer_entry_d, nicolae_figureground_pulse
D:5:      layout_cave_pods
D:6:      layout_gridville, nicolae_uskayaw_murder_on_the_dancefloor,
          serial_demonic, serial_demonic_e, serial_demonic_c, serial_demonic_g,
          serial_demonic_b
D:7:      layout_layer_cave, mainiacjoe_overflow_alcove_1
D:8:      layout_cave_pools, zin_academy, mainiacjoe_overflow_boulevard,
          uniq_maurice, uniq_maggie
D:9:      kennysheep_windowed_halls, layout_basic, serial_shops,
          nicolae_shop_bloodbath_and_beyond, minmay_misc_feat_more_columns,
          minmay_puff
D:10:     layout_small_grid, david_orc_4, uniq_josephine
D:11:     layout_basic
D:12:     layout_big_octagon, serial_shops, shop_coins, nicolae_stop_n_shop_2,
          nicolae_shop_stone, uniq_kirke
D:13:     layout_loops_ring, david_vaults_1
D:14:     layout_irregular_city, infiniplex_staircase_door_maze, serial_shops,
          nicolae_shop_waterfront
D:15:     grunt_enter_depths_snipers, layout_basic, yredelemnul_altar_generic
Temple:   compressed_dpeg_circular_temple
Lair:1:   layout_regular_city, lemuel_oklob_altar, grunt_megastairs_3
Lair:2:   layout_gridlike, minmay_shoals_entry_centaurs
Lair:3:   layout_long_grid, spider_nest_entry_webs,
          gammafunk_ghost_berserking_beasts, roderic_carrion_pond
Lair:4:   layout_gridlike, slime_entry_1, lemuel_fruit_fields
Lair:5:   wormcave, layout_gridlike, hangedman_lair_tendril_chambers,
          ebering_ghost_disaster_area, serial_bayou_shore_b, uniq_nessos
Shoals:1: layout_shoals, serial_shops, nicolae_shop_stone, ldierk_geyser
Shoals:2: layout_shoals, portal_ice_cave_entry_pillars_four, uniq_ilsuiw
Spider:1: layout_spider_delve, gammafunk_ghost_arena, nicolae_spider_bug_shape,
          uniq_mlioglotl, uniq_aizul
Spider:2: layout_cave_pods
Spider:3: layout_spider_delve
Spider:4: spider_rune_water, nicolae_orb_island
Orc:1:    layout_caves, serial_shops, shop_statue, gammafunk_ghost_split
Orc:2:    kennysheep_orc_mage_school, layout_diamond_mine
IceCv:    ice_cave_caverns_01

Skill      XL: |  1  2  3  4  5  6  7  8  9 10 11 12 13 14 15 16 17 18 |
---------------+-------------------------------------------------------+-----
Fighting       | 4 5 6 7 9 10 11 12 13 14 15 16 | 16.9
Armour         | 4 5 6 7 9 11 13 14 16 17 | 17.0
Shields        | 4 5 6 7 8 9 11 12 13 14 15 | 15.0
Axes           | 3 |  3.5
Dodging        | 1 2 3 4 6 8 10 11 12 13 14 | 14.1
Maces & Flails | 1 3 5 7 |  7.9
Stealth        | 1 2 3 4 5 |  5.2
Long Blades    | 4 6 10 13 15 17 18 19 | 19.7
Short Blades   | 3 |  3.8
Throwing       | 1 |  1.9
Evocations     | 1 |  1.1
Invocations    | 1 4 6 8 |  8.8
Unarmed Combat | |  0.2

Action                   |  1- 3 |  4- 6 |  7- 9 | 10-12 | 13-15 | 16-18 || total
-------------------------+-------+-------+-------+-------+-------+-------++-------
Melee: War axe           |    46 |    35 |       |       |       |       ||    81
       Headbutt          |     7 |    20 |    49 |   163 |   349 |   398 ||   986
       Flail             |       |    76 |   163 |       |       |       ||   239
       Hand axe          |       |       |    72 |    51 |       |       ||   123
       Falchion          |       |       |       |    95 |       |       ||    95
       Rapier            |       |       |       |   271 |       |       ||   271
       Long sword        |       |       |       |   194 |  1217 |  1291 ||  2702
       Unarmed           |       |       |       |     6 |       |       ||     6
       Scimitar          |       |       |       |       |    48 |       ||    48
Throw: Dart              |       |     2 |       |     9 |     5 |     1 ||    17
       Boomerang         |       |       |       |     2 |     2 |     4 ||     8
Invok: Shadow Step       |       |       |       |     1 |     3 |     5 ||     9
Evoke: Wand              |       |       |       |     7 |     5 |     5 ||    17
       Piece from Xom's  |       |       |       |     2 |       |       ||     2
  Use: Scroll            |       |     2 |     6 |    16 |     8 |     2 ||    34
       Potion            |       |     8 |     2 |     4 |     9 |    15 ||    38
 Stab: Sleeping          |       |       |     4 |     7 |     4 |     2 ||    17
       Distracted        |       |       |       |       |       |     5 ||     5
Armor: Scale mail        |    27 |       |       |       |       |       ||    27
       Leather armour    |       |    37 |    96 |   204 |       |       ||   337
       Skin              |       |       |       |    18 |       |       ||    18
       Chain mail        |       |       |       |    50 |   479 |   555 ||  1084
Dodge: Dodged            |    22 |    67 |   128 |   735 |  1054 |  1710 ||  3716
Block: Buckler           |     6 |    30 |    55 |   306 |   449 |   715 ||  1561
       Kite shield       |       |       |       |       |       |    13 ||    13
